[Event "*** Titled Tuesday Blitz"]
[Site "Chess.com"]
[Date "2021.02.16"]
[Round "10"]
[White "amintabatabaei"]
[Black "bascheyaro"]
[Result "1/2-1/2"]
[WhiteElo "2918"]
[BlackElo "2733"]
[TimeControl "180+1"]
[EndTime "12:01:08 PST"]
[Termination "Game drawn by repetition"]

1. d4 d5 2. Nf3 Bf5 3. Bf4 e6 4. e3 Nf6 5. Bd3 Bg6 6. c4 Bb4+ 7. Nc3 O-O 8. O-O c5 9. Bxg6 hxg6 10. cxd5 cxd4 11.
Qxd4 Bxc3 12. Qxc3 Nxd5 13. Qb3 Nxf4 14. exf4 Qb6 15.
Qxb6 axb6 16. a3 Nc6 17. Rfd1 Rfd8 18. Kf1 Kf8 19. Ke2 Ke7 20. g3 Rxd1 21. Rxd1 Ra5 22.
Rd3 Rc5 23. Kd2 b5 24. h4 f6 25. b4 Rc4 26. Rc3 Kd6 27. Kd3 Kd5 28. Nd2 Rxc3+ 29.
Kxc3 e5 30. fxe5 Nxe5 31. f3 b6 32. f4 Ng4 33. Kd3 Nh6 34. Nf1 Nf5 35. Ne3+ Nxe3 36.
Kxe3 Kc4 37. Ke4 Kb3 38. f5 gxf5+ 39. Kxf5 Kxa3 40. Kg6 Kxb4 41. Kxg7 Ka3 42. h5 b4 43. h6 b3 44. h7 b2 45. h8=Q b1=Q 46. Qf8+ Ka4 47. Qxf6 b5 48. g4 b4 49. Qa6+ Kb3 50.
g5 Qb2+ 51. Kg8 Qe5 52. g6 Kb2 53. g7 b3 54. Kf7 Qh5+ 55. Qg6 Qd5+ 56. Qe6 Qh5+ 57.
Kf8 Qf3+ 58. Ke8 Qa8+ 59. Kf7 Qb7+ 60. Kg6 Qg2+ 61. Kf6 Qf3+ 62. Qf5 Qc6+ 63. Kg5 Qg2+ 64. Qg4 Qd5+ 65. Kh6 Qg8 66. Qf5 Ka2 67. Qf8 Qe6+ 68. Kg5 Qe5+ 69. Kg4 Qe4+ 70. Kg3 Qe3+ 71. Kg2 Qg5+ 72.
Kh3 Qh5+ 73. Kg3 Qg5+ 74. Kf3 Qd5+ 75. Ke2 Qe4+ 76. Kd2 Qd4+ 77. Ke1 Qe3+ 78. Kf1 Qd3+ 79. Kg2 Qg6+ 80. Kf1 Qd3+ 81. Kg1 Qg3+ 82. Kf1 Qd3+ 1/2-1/2

[Event "*** Titled Tuesday Blitz"]
[Site "Chess.com"]
[Date "2021.02.16"]
[Round "10"]
[White "Aradhya2000"]
[Black "nrvisakh"]
[Result "0-1"]
[WhiteElo "2583"]
[BlackElo "2780"]
[TimeControl "180+1"]
[EndTime "12:01:08 PST"]
[Termination "nrvisakh won by checkmate"]

1. d4 Nf6 2. c4 g6 3. g3 Bg7 4. Bg2 O-O 5. Nc3 d6 6. Nf3 Nc6 7. O-O a6 8. b3 Rb8 9. d5 Na5 10. Bb2 c5 11. dxc6 Nxc6 12. Rc1 Bd7 13. a4 Ne4 14.
Qc2 Nxc3 15. Bxc3 Bxc3 16. Qxc3 Qa5 17. Qe3 Qc5 18. Qh6 f6 19. Bh3 Bxh3 20. Qxh3 Qf5 21.
Qxf5 gxf5 22. Rfd1 Rfd8 23. Kg2 Kf7 24. Nd4 e6 25. Rc3 Rdc8 26. f4 Nxd4 27. Rxd4 Rc6 28. Rcd3 Ke7 29. h3 b5 30. cxb5 axb5 31. g4 fxg4 32.
hxg4 bxa4 33. Rxa4 Rcb6 34. Rh3 d5 35. Rxh7+ Kd6 36.
Rh6 Rg8 37. g5 fxg5 38. f5 Ke5 39. Rxe6+ Rxe6 40. fxe6 Kxe6 41. Kf3 Rb8 42. Kg4 Rxb3 43. Kxg5 Ke5 44. Kg4 Re3 45. Ra2 Ke4 46. Rb2 d4 47.
Rc2 Rc3 48. Ra2 Ke3 49. Kg3 Rc8 50. Kg2 Rf8 51. Kg1 Rf7 52. Rb2 Rf6 53. Ra2 Rb6 54.
Kg2 Rb1 55. Ra8 Kxe2 56. Re8+ Kd2 57. Kf2 d3 58. Ra8 Kd1 59. Ra2 d2 60. Kf1 Rb7 61.
Kf2 Kc1 62. Ra1+ Rb1 63. Rxb1+ Kxb1 64. Ke2 Kc1 65. Kd3 d1=Q+ 66. Kc4 Qc2+ 67. Kb5 Kd2 68. Kb4 Qc3+ 69. Ka4 Kd3 70. Kb5 Kd4 71. Ka4 Qb2 72.
Ka5 Kc5 73. Ka6 Qb6# 0-1

[Event "*** Titled Tuesday Blitz"]
[Site "Chess.com"]
[Date "2021.02.16"]
[Round "10"]
[White "Anton_Demchenko"]
[Black "Violord"]
[Result "1/2-1/2"]
[WhiteElo "2891"]
[BlackElo "2733"]
[TimeControl "180+1"]
[EndTime "12:01:12 PST"]
[Termination "Game drawn by repetition"]

1. e4 g6 2. d4 Bg7 3. Nf3 d6 4. Bc4 Nf6 5. Qe2 Nc6 6. h3 e5 7. dxe5 Nxe5 8. Nxe5 dxe5 9. O-O O-O 10. Rd1 Qe7 11.
b3 Nh5 12. Ba3 c5 13. Nc3 Nf4 14. Qf3 b6 15. Nd5 Qg5 16. Qg3 Qxg3 17. fxg3 Nxd5 18. Bxd5 Rb8 19. g4 Bh6 20. Bb2 Be3+ 21. Kh2 Bd4 22. c3 Be3 23. Rd3 Bg5 24. c4 Re8 25. Rf1 Be6 26.
Bxe5 Rbd8 27. Bg3 Kg7 28. a4 Bxd5 29. exd5 Re2 30. Rdf3 Rd7 31. R1f2 Re4 32. h4 Be3 33. Rf1 Bd4 34. g5 Re2 35. Kh3 Re4 36. Rf4 Re3 37. R4f3 Re2 38. Bf4 Re4 39. g3 Re2 40. Kg4 Re4 41. Kh3 Kg8 42. Bd2 Re2 43. Rd3 Re4 44. Re1 Rde7 45. Rxe4 Rxe4 46. Kg2 Kf8 47. Kf3 Re7 48. Be3 Bg7 49. Bf4 Ke8 50. Re3 Rxe3+ 51. Kxe3 Kd7 52. Ke4 Bd4 53. Bb8 a5 54. Be5 Bf2 55.
Kf3 Be1 56. Bf6 Kd6 57. Bb2 Kd7 58. Bc1 Kd6 59. Bf4+ Kd7 60. Kg4 Bc3 61. Kf3 Be1 62. Ke4 Bc3 63. Be3 Bb2 64. Bf4 Bc3 65. Be5 Be1 66.
Kf4 Bf2 67. Bf6 Be1 68. Kf3 Bd2 69. Kg4 Be1 70. h5 Bf2 71. h6 Be1 72. Kf3 Bd2 73.
Ke4 Bc1 74. g4 Bd2 75. Kf3 Bc1 76. Ke2 Bf4 77. Kd1 Be3 78. Kc2 Bf4 79. Kd3 Bc1 80. Ke4 Bd2 81. Kf3 Bc1 82. Ke2 Bf4 83. Kd3 Bc1 84. Ke4 1/2-1/2

[Event "*** Titled Tuesday Blitz"]
[Site "Chess.com"]
[Date "2021.02.16"]
[Round "10"]
[White "The_Machine04"]
[Black "stoleriu"]
[Result "0-1"]
[WhiteElo "2460"]
[BlackElo "2625"]
[TimeControl "180+1"]
[EndTime "12:01:21 PST"]
[Termination "stoleriu won by checkmate"]

1. d4 e6 2. Nf3 Nf6 3. Nbd2 c5 4. e3 b6 5. Bd3 Bb7 6. c3 g6 7. O-O Bg7 8. Re1 O-O 9. Nf1 d6 10. Ng3 Nbd7 11. a3 Rc8 12. b4 cxd4 13. cxd4 e5 14. dxe5 dxe5 15. e4 Re8 16. Bb2 Qe7 17. Qe2 h5 18.
Red1 Bh6 19. h3 Bf4 20. Nf1 Bh6 21. N3d2 Nf8 22. Ba6 h4 23. Bxb7 Qxb7 24. Rac1 Nh5 25. Ne3 Nf4 26. Qg4 Nd3 27. Rxc8 Qxc8 28. Qxc8 Rxc8 29.
Ba1 Bxe3 30. fxe3 f6 31. Nf3 Rc1 32. Rxc1 Nxc1 33. Nxh4 Kf7 34. Kf1 Nb3 35. Bc3 a5 36. Ke2 a4 37. Kd3 b5 38. Nf3 Nd7 39. h4 Nb6 40. Nd2 Nxd2 41. Bxd2 Nc4 42. Bc1 Kg7 43.
Ke2 Kh6 44. Kf3 Nd6 45. g4 Nc4 46. Kg3 Nd6 47. Bd2 Nxe4+ 48. Kf3 Nxd2+ 49. Ke2 Nc4 50. Kd3 Nxa3 51. Ke4 Nc4 52. Kd5 a3 53. Kc5 a2 54.
Kxb5 Nxe3 55. Kc6 a1=Q 56. g5+ fxg5 57. hxg5+ Kxg5 58. b5 Nc4 59. b6 Nxb6 60. Kxb6 e4 61. Kc5 e3 62. Kb4 e2 63. Kb3 e1=Q 64. Kc4 Kf4 65. Kb3 g5 66. Kc4 g4 67. Kb3 g3 68.
Kc4 g2 69. Kb3 g1=Q 70. Kc4 Qh1 71. Kb3 Qeg1 72. Kc4 Qaf1+ 73. Kb3 Qfh3+ 74. Kc4 Qe4+ 75.
Kb5 Qg5+ 76. Ka6 Qhh6+ 77. Ka7 Qee7+ 78. Kb8 Ke5 79. Ka8 Kd6 80. Kb8 Ke6 81. Ka8 Kf7 82. Kb8 Kf8 83. Ka8 Qg8 84. Kb8 Kf7# 0-1

[Event "*** Titled Tuesday Blitz"]
[Site "Chess.com"]
[Date "2021.02.16"]
[Round "10"]
[White "frederiksvane"]
[Black "NikolaN98"]
[Result "0-1"]
[WhiteElo "2699"]
[BlackElo "2513"]
[TimeControl "180+1"]
[EndTime "12:01:25 PST"]
[Termination "NikolaN98 won by resignation"]

1. e4 c6 2. Nf3 d5 3. Nc3 dxe4 4. Nxe4 Nf6 5. Qe2 Nxe4 6. Qxe4 Be6 7. c4 g6 8. d4 Bg7 9. Be2 O-O 10. O-O Nd7 11. Qh4 f6 12. Bd2 Nb6 13. b3 a5 14.
Bc3 a4 15. Rfe1 Bf7 16. Bf1 Qd7 17. Qf4 Rfe8 18. Qe3 Qc7 19. h3 Nd7 20. Bd3 c5 21.
d5 axb3 22. axb3 Rxa1 23. Rxa1 e5 24. dxe6 Bxe6 25. Qd2 Nf8 26. Qb2 Qf4 27. Re1 Bd7 28.
Rxe8 Bxe8 29. Qa2 Bc6 30. Ne1 Qc1 31. Bd2 Qd1 32. Kf1 f5 33. Qc2 Qxc2 34. Nxc2 Ne6 35. f4 Kf7 36. Be3 b6 37. g3 Ke7 38. Ke2 Bg2 39.
h4 Kd6 40. Kd2 Bf3 41. Be2 Bxe2 42. Kxe2 Bf6 43. Kd3 Ng7 44. Ke2 Nh5 45. Kf3 Bc3 46. Na3 Bg7 47. Nb5+ Kc6 48. Bf2 Ba1 49. Na3 Nf6 50. Nc2 Bc3 51. Be3 Kd6 52. Bc1 h5 53. Ne3 Ne4 54. Nd5 Ba5 55. Be3 b5 56. Bc1 bxc4 57.
bxc4 Bc3 58. Be3 Bd4 59. Bc1 Ke6 60. Be3 Kd6 61. Bc1 Bc3 62. Be3 Be1 63. Bc1 Bxg3 64. Bb2 Bxh4 65. Be5+ Ke6 66. Nc7+ Kd7 67. Nd5 Bd8 68.
Ne3 Ke6 69. Nd5 Nd2+ 70. Kg3 Nxc4 71. Nc3 Nxe5 72. fxe5 Kxe5 73. Nb5 c4 74. Kf3 Ba5 75. Na3 c3 76. Nc4+ Kd4 77. Nxa5 c2 78. Nb3+ Kc3 79. Nc1 Kd2 80. Nb3+ Kd1 81. Kf4 c1=Q+ 82. Nxc1 Kxc1 83. Kg5 Kd2 84. Kh4 Ke3 85. Kg5 Ke4 86. Kxg6 h4 87.
Kf7 h3 0-1

[Event "*** Titled Tuesday Blitz"]
[Site "Chess.com"]
[Date "2021.02.16"]
[Round "10"]
[White "kuba2006"]
[Black "MatyChess1"]
[Result "0-1"]
[WhiteElo "2376"]
[BlackElo "2588"]
[TimeControl "180+1"]
[EndTime "12:01:26 PST"]
[Termination "MatyChess1 won by checkmate"]

1. e4 c5 2. Nf3 d6 3. d4 cxd4 4. Qxd4 Nf6 5. Nc3 Nc6 6. Bb5 Bd7 7. Bxc6 Bxc6 8. Bg5 e6 9. O-O-O Be7 10. Rhe1 O-O 11. Kb1 Qa5 12. Qd2 Kh8 13. Nd4 Rac8 14. f3 Rfd8 15. g4 Be8 16. Be3 Nd7 17. Nb3 Qa6 18.
g5 Nb6 19. Bxb6 Qxb6 20. f4 a5 21. f5 a4 22. Nd4 a3 23. b3 Qc5 24. Nce2 e5 25.
Nf3 Bc6 26. Nc3 Bf8 27. f6 b5 28. Qe3 Bb7 29. Qxc5 Rxc5 30. Nd5 Rdc8 31. Re2 gxf6 32. gxf6 Bxd5 33. exd5 Bh6 34. Rg2 Rc3 35. Nh4 e4 36.
Nf5 Bf4 37. Rdg1 Be5 38. Ne7 h5 39. Nxc8 Rxc8 40. Re2 Rc5 41. Rxe4 Rxd5 42. Rh4 Bxf6 43.
Rh3 Bc3 44. Rf3 b4 45. Rh3 Kh7 46. Rf1 Kg7 47. Rhf3 f6 48. Rg3+ Kf7 49. Rgf3 Be5 50. Rd3 Ke6 51. Rxd5 Kxd5 52. Kc1 Bxh2 53. Rh1 Bf4+ 54.
Kd1 Kd4 55. Rxh5 Be5 56. Kd2 Bf4+ 57. Kd1 Kc3 58. Rd5 Be5 59. Rb5 Kb2 60. Rxb4 Kxa2 61. Ra4 Kb2 62. b4 a2 63. b5 a1=Q+ 64. Rxa1 Kxa1 65.
c4 Kb2 66. b6 Kc3 67. b7 d5 68. cxd5 Kd4 69. Ke2 Kxd5 70. Kf3 Kc6 71. b8=Q Bxb8 72. Ke4 Be5 73. Kf5 Kd5 74. Kg4 Ke4 75. Kh3 f5 76.
Kg2 f4 77. Kf2 f3 78. Kf1 Bd4 79. Ke1 Kf4 80. Kf1 Kg3 81. Ke1 Kg2 82. Kd2 f2 83. Kd3 f1=Q+ 84. Kxd4 Qe2 85. Kd5 Qe3 86. Kc4 Qd2 87.
Kc5 Qd3 88. Kc6 Qd4 89. Kb5 Qc3 90. Ka4 Qb2 91. Ka5 Kf3 92. Ka6 Ke4 93. Ka7 Kd5 94. Ka6 Kc6 95. Ka5 Qa3# 0-1

[Event "*** Titled Tuesday Blitz"]
[Site "Chess.com"]
[Date "2021.02.16"]
[Round "10"]
[White "Grandelicious"]
[Black "Alexander_Moskalenko"]
[Result "1-0"]
[WhiteElo "2881"]
[BlackElo "2755"]
[TimeControl "180+1"]
[EndTime "12:01:40 PST"]
[Termination "Grandelicious won on time"]

1. Nf3 c5 2. g3 g6 3. Bg2 Bg7 4. O-O Nc6 5. c3 Nf6 6. d4 cxd4 7. cxd4 d5 8. Ne5 O-O 9. Nc3 e6 10. Nxc6 bxc6 11. Na4 Nd7 12. Bf4 Ba6 13. Rc1 Bb5 14.
Nc3 Rc8 15. Qd2 Re8 16. Rfd1 Qb6 17. h4 c5 18. dxc5 Nxc5 19. Be3 Bd7 20. Nxd5 exd5 21. b4 d4 22. bxc5 dxe3 23. cxb6 exd2 24. Rxc8 Rxc8 25. Rxd2 axb6 26. Rxd7 Be5 27. Rb7 Rc7 28. Rxb6 Rc2 29. Bd5 Kg7 30. e3 h5 31. Rb7 Rc7 32. Rb5 Bc3 33.
a4 Ra7 34. Bb3 Rd7 35. Kg2 Be1 36. Kf1 Bc3 37. Ke2 Rd2+ 38. Kf3 Rb2 39. Rb7 Kh6 40. Bd5 Rxb7 41. Bxb7 f5 42. Ke2 Kg7 43. Bc6 Kf6 44. Be8 Ba5 45. Kd3 Be1 46. Ke2 Ba5 47. Kf3 Be1 48. Kg2 Kg7 49. f3 Kf6 50. e4 fxe4 51.
fxe4 g5 52. Bxh5 gxh4 53. gxh4 Bxh4 54. Kf3 Be1 55. Be8 Ke5 56. Bb5 Bd2 57. Bd3 Ba5 58. Bc2 Bb6 59. Kg4 Ba5 60. Kh5 Kf6 61. Kh6 Bd2+ 62.
Kh7 Bb4 63. Kg8 Ke6 64. Kg7 Ke7 65. Bb3 Bc3+ 66. Kg6 Kd6 67. Kf5 Ke7 68. e5 Ba5 69. Ke4 Kd7 70. Kd5 Kc7 71. Bd1 Bb4 72. Be2 Bc3 73.
Bc4 Bb4 74. Bb5 Ba3 75. Ke6 Bb4 76. Kf6 Bc3 77. Kf5 Kd8 78. Ke6 Kc7 79. Bc4 Kc6 80.
Bb3 Kc5 81. Kf5 Kc6 82. e6 Kd6 83. Kg6 Ke7 84. Bc4 Bb4 85. Kf5 Bd2 86. Ke5 Be1 87.
Kd5 Bd2 88. Kc6 Kd8 89. Kb5 Kc7 90. a5 Be3 91. Be2 Bd4 92. Bg4 Kd6 93. Ka6 Be3 94.
Kb7 1-0

[Event "*** Titled Tuesday Blitz"]
[Site "Chess.com"]
[Date "2021.02.16"]
[Round "10"]
[White "dodorox"]
[Black "Julianos82"]
[Result "1/2-1/2"]
[WhiteElo "2202"]
[BlackElo "2349"]
[TimeControl "180+1"]
[EndTime "12:01:53 PST"]
[Termination "Game drawn by repetition"]

1. d4 d5 2. c4 dxc4 3. Nc3 a6 4. a4 Nc6 5. e3 e5 6. Nf3 exd4 7. exd4 Na5 8.
Bxc4 Nxc4 9. Qe2+ Be7 10. Qxc4 Nf6 11. Bf4 c6 12. O-O Be6 13. Qd3 Nd5 14. Nxd5 Qxd5 15. Rfe1 O-O 16. Re5 Qd7 17. Ng5 Bxg5 18. Rxg5 Rad8 19.
Be3 f6 20. Rc5 Bd5 21. b4 Rfe8 22. b5 axb5 23. axb5 Qg4 24. Qf1 h5 25. bxc6 bxc6 26. Re1 Rb8 27. Rc2 Re7 28. f3 Qf5 29. Qf2 Rbe8 30.
Rcc1 h4 31. Bd2 h3 32. Rxe7 Rxe7 33. Re1 Rxe1+ 34. Bxe1 hxg2 35. Kxg2 Qg4+ 36. Qg3 Qxd4 37. Bf2 Qd3 38. Qb8+ Kh7 39. Qg3 Qf5 40. Qh4+ Kg8 41. Qg3 g5 42. Qb8+ Kg7 43. Qc7+ Kg6 44. Qg3 g4 45. h3 Qxf3+ 46. Qxf3 Bxf3+ 47. Kg3 f5 48. hxg4 fxg4 49. Bc5 Kf5 50. Bb6 Ke4 51. Kf2 Kd3 52.
Ke1 g3 53. Bc5 Kc4 54. Bg1 c5 55. Kd2 Kd5 56. Kc3 g2 57. Kd2 Be4 58. Kc3 c4 59. Bf2 Bd3 60. Bg1 Ke4 61. Kd2 Kf3 62. Bd4 Kg3 63. Bg1 Bf1 64. Kc3 Be2 65. Kd2 Bd3 66.
Kc3 Kf3 67. Kd2 Bf1 68. Bc5 Bd3 69. Bg1 Bf5 70. Bc5 Kg3 71. Bg1 Be6 72. Kc3 Bd5 73. Kd2 Kf3 74. Bd4 Ke4 75. Bg1 Bc6 76. Kc3 Bb5 77.
Kd2 Kd5 78. Kc3 Bd7 79. Kd2 Bh3 80. Kc3 Bg4 81. Kd2 Be6 82. Kc3 Ke4 83. Kd2 Bd5 84. Kc3 Kf3 85. Kd2 Bf7 86. Bc5 Bg8 87. Bg1 Bf7 88. Bc5 Bg6 89. Bg1 Bd3 90. Bd4 Bf5 91. Bg1 Bg6 92. Bc5 Ke4 93. Kc3 Kf3 94.
Kd2 Bf5 95. Bg1 Be4 96. Bc5 Bg6 97. Bg1 Ke4 98. Kc3 Kf3 99. Kd2 1/2-1/2

[Event "*** Titled Tuesday Blitz"]
[Site "Chess.com"]
[Date "2021.02.16"]
[Round "10"]
[White "Alexsur1981"]
[Black "Faqade"]
[Result "1/2-1/2"]
[WhiteElo "2840"]
[BlackElo "2703"]
[TimeControl "180+1"]
[EndTime "12:02:48 PST"]
[Termination "Game drawn by repetition"]

1. e4 c5 2. Nc3 e6 3. Nf3 Nc6 4.
Bb5 Nge7 5. O-O a6 6. Bxc6 Nxc6 7.
d4 cxd4 8. Nxd4 Qc7 9. Nxc6 bxc6 10. Qg4 h5 11. Qf3 Bd6 12. h3 Be5 13. Rd1 a5 14. Be3 Rb8 15. Rab1 c5 16. Bd2 g6 17. b3 Bb7 18. Qe2 Bc6 19. Re1 O-O 20. Nd1 a4 21. Bc3 axb3 22. axb3 Ra8 23. Qd2 Ra2 24. Bxe5 Qxe5 25.
Nc3 Ra5 26. Rbd1 Rfa8 27. Qe3 c4 28. bxc4 Ra3 29. Rd3 Ra1 30. f3 Rxe1+ 31. Qxe1 Qc5+ 32. Qe3 Qxc4 33. h4 Rb8 34. Kh2 Rb2 35. Rd2 Qb4 36.
Kg3 Qb8+ 37. e5 Rb4 38. Rd4 Rxd4 39. Qxd4 Qb2 40. Qd2 Qb4 41. Qe3 Qc4 42. Kh3 Kg7 43. Kg3 Qf1 44. Qd2 Qg1 45. Qf2 Qc1 46. Qe2 Qb2 47.
Qd3 Qb8 48. Qe3 Qb4 49. Kh3 Qc4 50. Kg3 Qf1 51. Qd2 Qg1 52. Ne2 Qc5 53. f4 Bd5 54.
Nd4 Qa3+ 55. c3 Qa1 56. Nf3 Qf1 57. Nd4 Qc4 58. Qe3 Qf1 59. Qd2 Qc4 60. Nc2 Qb3 61. Ne3 Be4 62. Qd4 Qb1 63. Kf2 Qb2+ 64. Kg3 Qb1 65.
Qd2 Bc6 66. Nc4 Qe4 67. Nd6 Qb1 68. Ne8+ Kf8 69. Nf6 Kg7 70. Nxd7 Bxd7 71. Qxd7 Qe1+ 72. Kh3 Qe3+ 73. g3 Qf3 74. Qd2 Qh1+ 75. Qh2 Qc1 76.
Qe2 Qxc3 77. Kg2 Qc6+ 78. Kf2 Qc5+ 79. Qe3 Qc6 80. Ke2 Qg2+ 81. Kd3 Kg8 82. Kc3 Kf8 83.
Kb4 Ke8 84. Qc3 Kf8 85. Kb5 Kg7 86. Kb6 Qf2+ 87. Kc7 Qa7+ 88. Kd8 Qb8+ 89. Kd7 Qb5+ 90. Kd8 Qb8+ 91. Qc8 Qb6+ 92. Qc7 Qb4 93. Kd7 Qf8 94. Qd6 Qa8 95. Qc6 Qa7+ 96. Kd6 Qb8+ 97. Qc7 Qb4+ 98. Kd7 Qa3 99. Ke8 Qa4+ 100. Ke7 Qa3+ 101. Kd8 Qxg3 102. Kd7 Qd3+ 103. Qd6 Qb5+ 104. Ke7 Qb7+ 105. Ke8 Qc8+ 106. Ke7 Qf8+ 107. Kd7 Qa8 108. Ke7 Qb7+ 109. Ke8 Qc8+ 110. Ke7 Qf8+ 111. Kd7 Qa8 112. Ke7 Kg8 113. Qd8+ Qxd8+ 114.
Kxd8 Kf8 115. Kd7 Kg8 116. Ke8 Kg7 117. Ke7 Kg8 118. Ke8 Kg7 119. Ke7 Kg8 120. Ke8 1/2-1/2

[Event "*** Titled Tuesday Blitz"]
[Site "Chess.com"]
[Date "2021.02.16"]
[Round "11"]
[White "Pantata007"]
[Black "milenapn"]
[Result "1-0"]
[WhiteElo "2249"]
[BlackElo "2115"]
[TimeControl "180+1"]
[EndTime "12:04:27 PST"]
[Termination "Pantata007 won by resignation"]

1. d4 Nf6 2. c4 g6 3. Nc3 Bg7 4. e4 d6 5. Be2 O-O 6. Bg5 e5 7. dxe5 dxe5 8. Qxd8 Rxd8 9. Bxf6 Bxf6 10. Nd5 Rxd5 11. cxd5 c6 12. Rc1 Bd7 13. Nf3 Na6 14. dxc6 1-0

[Event "*** Titled Tuesday Blitz"]
[Site "Chess.com"]
[Date "2021.02.16"]
[Round "11"]
[White "InitiatingASC"]
[Black "Andrakhanova"]
[Result "1-0"]
[WhiteElo "2423"]
[BlackElo "2270"]
[TimeControl "180+1"]
[EndTime "12:04:34 PST"]
[Termination "InitiatingASC won by checkmate"]

1. e4 c5 2. Nf3 e6 3. Bb5 a6 4.
Bd3 Nc6 5. O-O Nge7 6. c3 d5 7. exd5 Nxd5 8. Re1 Be7 9. Bc2 O-O 10. d4 cxd4 11.
cxd4 b6 12. a3 Bb7 13. Nc3 Nxc3 14. Qd3 Rc8 15. Qxh7# 1-0

[Event "*** Titled Tuesday Blitz"]
[Site "Chess.com"]
[Date "2021.02.16"]
[Round "11"]
[White "Eliwood44"]
[Black "Stewie_89"]
[Result "0-1"]
[WhiteElo "2464"]
[BlackElo "2614"]
[TimeControl "180+1"]
[EndTime "12:06:06 PST"]
[Termination "Stewie_89 won by resignation"]

1. d4 d5 2. Nf3 Nf6 3. c4 c6 4.
g3 e6 5. Nbd2 Nbd7 6. Bg2 Be7 7.
O-O b6 8. Qc2 Bb7 9. e4 dxe4 10.
Nxe4 c5 11. Nxf6+ Bxf6 12. dxc5 Nxc5 13. Rd1 Qc8 14. Bg5 Bxf3 15. Bxf6 Bxd1 16. Rxd1 gxf6 17. b4 Nb7 18. Qa4+ Kf8 19. Rd7 Rb8 20. Qb5 a6 21. Qa4 b5 0-1

[Event "*** Titled Tuesday Blitz"]
[Site "Chess.com"]
[Date "2021.02.16"]
[Round "11"]
[White "Szparu"]
[Black "Alexsur1981"]
[Result "1-0"]
[WhiteElo "2681"]
[BlackElo "2828"]
[TimeControl "180+1"]
[EndTime "12:06:07 PST"]
[Termination "Szparu won by resignation"]

1. d4 d5 2. c4 e6 3. Nc3 c6 4. e4 dxe4 5. Nxe4 Bb4+ 6. Bd2 Qxd4 7.
Bxb4 Qxe4+ 8. Be2 Na6 9. Ba5 b6 10. Qd6 Ne7 11. Rd1 O-O 12. Qxe7 h6 13. Bc3 Qxg2 14.
Bf3 Qg6 15. Ne2 Qf5 16. Rg1 g5 17. Rd8 Bb7 18. Qxf8+ 1-0

[Event "*** Titled Tuesday Blitz"]
[Site "Chess.com"]
[Date "2021.02.16"]
[Round "11"]
[White "KetiGrant"]
[Black "FredyMatsuura"]
[Result "1-0"]
[WhiteElo "2401"]
[BlackElo "2308"]
[TimeControl "180+1"]
[EndTime "12:06:21 PST"]
[Termination "KetiGrant won by resignation"]

1. e4 c5 2. Nf3 d6 3. Bb5+ Bd7 4. Bxd7+ Qxd7 5. O-O Nc6 6. c3 Nf6 7. Re1 e6 8. d4 cxd4 9. cxd4 d5 10. e5 Ne4 11.
Nbd2 Nxd2 12. Bxd2 Be7 13. Rc1 O-O 14. a3 Rac8 15. Rc3 Nb8 16. Rd3 Rc4 17. h4 Rfc8 18. Nh2 b5 19. Qg4 Kh8 20. Rg3 Bf8 21. h5 h6 22. Bxh6 Rxd4 23. Bxg7+ 1-0

[Event "*** Titled Tuesday Blitz"]
[Site "Chess.com"]
[Date "2021.02.16"]
[Round "11"]
[White "figo13"]
[Black "tusplingher"]
[Result "0-1"]
[WhiteElo "2285"]
[BlackElo "2272"]
[TimeControl "180+1"]
[EndTime "12:06:36 PST"]
[Termination "tusplingher won by resignation"]

1. e4 c5 2. Nf3 g6 3. d4 cxd4 4.
Nxd4 Bg7 5. c4 Nc6 6. Be3 Nf6 7. Nc3 O-O 8. Be2 d6 9. Qd2 Nxd4 10. Bxd4 Bd7 11.
O-O Bc6 12. Rae1 a5 13. Bd3 Nd7 14. Bxg7 Kxg7 15. Kh1 Nc5 16. Bb1 Qc7 17. f4 e5 18.
f5 f6 19. h4 Rad8 20. Rf3 Qf7 21. Ref1 Qg8 22. b3 Rd7 23. g4 gxf5 24. gxf5 Kh8 25.
Rg1 Rg7 26. Rfg3 Rxg3 27. Rxg3 0-1

[Event "*** Titled Tuesday Blitz"]
[Site "Chess.com"]
[Date "2021.02.16"]
[Round "11"]
[White "AttilaTurzo"]
[Black "Buffy7"]
[Result "1-0"]
[WhiteElo "2517"]
[BlackElo "2625"]
[TimeControl "180+1"]
[EndTime "12:06:42 PST"]
[Termination "AttilaTurzo won by resignation"]

1. d4 d6 2. Nf3 Nf6 3. Bg5 Nbd7 4.
c3 g6 5. Nbd2 Bg7 6. e4 O-O 7. Be2 e5 8. dxe5 Nxe5 9. Nxe5 dxe5 10. O-O Qe7 11. Qc2 b6 12. Rfd1 Bb7 13. a4 a5 14. Bc4 h6 15. Bxf6 Qxf6 16. Nf1 Qf4 17. Bd5 c6 18. Bc4 Rad8 19. Ne3 Bf6 20. g3 Qg5 21. h4 Qh5 22. Be2 1-0

[Event "*** Titled Tuesday Blitz"]
[Site "Chess.com"]
[Date "2021.02.16"]
[Round "11"]
[White "stolencandy13"]
[Black "c_r_e_e_p_e_r"]
[Result "1-0"]
[WhiteElo "2488"]
[BlackElo "2385"]
[TimeControl "180+1"]
[EndTime "12:06:58 PST"]
[Termination "stolencandy13 won by checkmate"]

1. e4 c5 2. Nf3 e6 3. d4 cxd4 4.
Nxd4 a6 5. c4 Qc7 6. Nc3 Nf6 7.
Be2 b6 8. O-O Bb7 9. Qd3 d6 10.
b4 Nbd7 11. f4 Rd8 12. a3 Be7 13. Be3 O-O 14. Rac1 Rfe8 15. Bf3 Ne5 16. fxe5 dxe5 17. Nxe6 fxe6 18. Qe2 Nd7 19. Bg4 Bf6 20. Rfd1 Nf8 21. c5 bxc5 22. Bxc5 Ng6 23. Qc4 Kh8 24. Rxd8 Rxd8 25. Rd1 Rxd1+ 26. Bxd1 Nf4 27. g3 Nh3+ 28. Kg2 Ng5 29. h4 Nf7 30. Qxe6 Bc8 31. Qe8# 1-0

[Event "*** Titled Tuesday Blitz"]
[Site "Chess.com"]
[Date "2021.02.16"]
[Round "11"]
[White "ClydeHillKid"]
[Black "IMAghasiyevKamal"]
[Result "1/2-1/2"]
[WhiteElo "2399"]
[BlackElo "2534"]
[TimeControl "180+1"]
[EndTime "12:07:00 PST"]
[Termination "Game drawn by agreement"]

1. e4 e5 2. Nf3 Nc6 3. Bc4 Bc5 4. c3 Nf6 5. d3 d6 6. Bb3 a5 7. Nbd2 O-O 8. Nf1 Be6 9. Ng3 Qd7 10. Bg5 Ne8 11. O-O Bb6 12. d4 exd4 13. cxd4 d5 14. e5 f6 15. exf6 Nxf6 16. Re1 Rae8 17. h3 h6 18. Bh4 g5 1/2-1/2

[Event "*** Titled Tuesday Blitz"]
[Site "Chess.com"]
[Date "2021.02.16"]
[Round "11"]
[White "DanilNajdin"]
[Black "stepanosinovsky"]
[Result "0-1"]
[WhiteElo "2438"]
[BlackElo "2312"]
[TimeControl "180+1"]
[EndTime "12:07:04 PST"]
[Termination "stepanosinovsky won by checkmate"]

1. e4 e5 2. Nf3 Nc6 3. Nc3 Nf6 4. Bb5 Nd4 5. Ba4 Bc5 6. Nxe5 O-O 7. Nd3 Bb6 8. e5 Ne8 9. O-O d5 10. Bxe8 Rxe8 11.
Ne2 Bg4 12. Re1 Qh4 13. Ndf4 Nf3+ 14. gxf3 Qxf2+ 15. Kh1 Bxf3+ 16. Ng2 Bxg2# 0-1

[Event "*** Titled Tuesday Blitz"]
[Site "Chess.com"]
[Date "2021.02.16"]
[Round "11"]
[White "paulrusan"]
[Black "FMOlexandrProhorov"]
[Result "1-0"]
[WhiteElo "2262"]
[BlackElo "2117"]
[TimeControl "180+1"]
[EndTime "12:07:24 PST"]
[Termination "paulrusan won by resignation"]

1. e4 c5 2. b4 cxb4 3. Bb2 d5 4. exd5 Qxd5 5. d4 Nc6 6. c4 bxc3 7. Nxc3 Qa5 8. d5 Ne5 9. Qd4 Nd7 10. Nf3 Ngf6 11. Bc4 g6 12. O-O Bg7 13. d6 e6 14. Nd5 exd5 15.
Qe3+ Kf8 16. Qe7+ Kg8 17. Ng5 Ne5 18. Bxe5 Be6 19. Nxe6 Re8 20. Bxf6 Rxe7 21. dxe7 Qa4 22. Nxg7 1-0

[Event "*** Titled Tuesday Blitz"]
[Site "Chess.com"]
[Date "2021.02.16"]
[Round "11"]
[White "Skillcam"]
[Black "Hangar-18"]
[Result "1-0"]
[WhiteElo "2488"]
[BlackElo "2384"]
[TimeControl "180+1"]
[EndTime "12:07:35 PST"]
[Termination "Skillcam won by resignation"]

1. d4 Nf6 2. c4 e6 3. Nf3 Bb4+ 4. Nbd2 O-O 5. a3 Be7 6. b4 d5 7. e3 a5 8. b5 c6 9. a4 Bb4 10. Bd3 Ne4 11. Qc2 f5 12. O-O Qf6 13. Ba3 Bxa3 14.
Rxa3 Nd7 15. Rb1 Nxd2 16. Qxd2 e5 17. dxe5 Nxe5 18. Nxe5 Qxe5 19. cxd5 Qxd5 20. Rc3 Kh8 21. Qc2 cxb5 22. Bxb5 Be6 23. Bc4 Qe5 24. Bxe6 Qxe6 25. Rxb7 Rad8 26. Rcc7 Qg6 27. h3 Rd6 28. Rxg7 Qxg7 29.
Rxg7 Kxg7 30. Qc7+ 1-0

[Event "*** Titled Tuesday Blitz"]
[Site "Chess.com"]
[Date "2021.02.16"]
[Round "11"]
[White "BairaKovanova"]
[Black "ajdemipopushi"]
[Result "0-1"]
[WhiteElo "2437"]
[BlackElo "2376"]
[TimeControl "180+1"]
[EndTime "12:07:37 PST"]
[Termination "ajdemipopushi won by resignation"]

1. e4 c5 2. Nf3 g6 3. g3 d5 4. e5 Nc6 5. Bg2 Bg4 6. h3 Bxf3 7. Qxf3 e6 8. Qe2 Bg7 9. f4 Nge7 10. O-O h5 11. d3 Nf5 12. Qf2 h4 13. g4 Ng3 14.
Re1 Rc8 15. Nc3 g5 16. Nb5 O-O 17. Bd2 a6 18. Nd6 Rc7 19. c3 f6 20. d4 fxe5 21. dxe5 Nxe5 22. Qe3 gxf4 0-1

[Event "*** Titled Tuesday Blitz"]
[Site "Chess.com"]
[Date "2021.02.16"]
[Round "11"]
[White "SergeyShtyka"]
[Black "Hercog"]
[Result "0-1"]
[WhiteElo "2455"]
[BlackElo "2383"]
[TimeControl "180+1"]
[EndTime "12:07:40 PST"]
[Termination "Hercog won by checkmate"]

1. e4 c6 2. Nf3 d5 3. Nc3 Bg4 4. h3 Bxf3 5. Qxf3 e6 6. d3 Nd7 7. g3 d4 8. Ne2 Ngf6 9. g4 Bb4+ 10. c3 dxc3 11. bxc3 Ne5 12. Qe3 Nxd3+ 13. Kd2 Nxc1+ 14. Kxc1 Ba3+ 15. Kc2 O-O 16. Qd4 Qa5 17. Ng3 Rfd8 18. Qc4 b5 19. Qb3 a6 20. Be2 c5 21. Rad1 c4 22. Qb1 Bc5 23. Rxd8+ Rxd8 24. Qe1 Qxa2+ 25.
Kc1 Ba3# 0-1